 Dungeon Crawl Stone Soup version 0.21-a0-244-gd4adca8 (webtiles) character file.

22034 Chiseanne the Covert (level 12, -2/81 HPs)
             Began as an Octopode Wanderer on Sept 5, 2017.
             Was an Initiate of Gozag.
             Slain by ShlomoShekels's ghost (45 damage)
             ... on level 12 of the Dungeon.
             The game lasted 00:49:57 (17098 turns).

Chiseanne the Covert (Octopode Wanderer)           Turns: 17098, Time: 00:49:58

Health: -2/81      AC:  2    Str: 14    XL:     12   Next: 96%
Magic:  19/19      EV: 19    Int: 14    God:    Gozag
Gold:   231        SH: 12    Dex: 16    Spells: 11/11 levels left

rFire    + . .     SeeInvis +   a - +5 dagger (venom)
rCold    + . .     Gourm    .   v - +1 shield
rNeg     . . .     Faith    .   (helmet restricted)
rPois    .         Spirit   .   (no amulet)
rElec    .         Reflect  .   j - ring of protection from fire
rCorr    .         Harm     .   R - ring of Noet {rF+ AC+1 Dex+2}
MR       .....                  T - ring of ice
Stlth    +++++++...             m - ring of see invisible
HPRegen  0.23/turn              (no ring)
MPRegen  0.16/turn              (no ring)
                                (no ring)
                                (no ring)

@: gold aura
A: almost no armour, stealthy swim, amphibious, 8 rings, constrict 8, camouflage
1, gelatinous body 1
a: Potion Petition, Call Merchant, Bribe Branch, Renounce Religion


You were on level 12 of the Dungeon.
You worshipped Gozag.
Gozag was aware of your devotion.
You were not hungry.

You visited 2 branches of the dungeon, and saw 13 of its levels.
You also visited: Bailey.

You collected 2709 gold pieces.
You spent 975 gold pieces at shops.
You paid 1503 gold pieces to Gozag.

Inventory:

Hand Weapons
 a - a +5 dagger of venom (weapon)
 d - a +0 scimitar of flaming
 s - a +3 flail of protection
Missiles
 c - 14 tomahawks
 e - 106 poisoned needles
 k - 153 bolts
 l - 474 stones (quivered)
 y - a throwing net
 E - 16 sling bullets
 J - 6 needles of sleeping
 L - 7 exploding tomahawks
 U - 4 tomahawks of returning
Armour
 v - a +1 shield (worn)
Magical Staves
 n - an uncursed staff of power
Jewellery
 j - a ring of protection from fire (left tentacle)
 m - a ring of see invisible (on tentacle)
 R - the ring of Noet (right tentacle) {rF+ AC+1 Dex+2}
   (You bought it in a shop on level 10 of the Dungeon)

   [ring of protection]

   It affects your AC (+1).
   It affects your dexterity (+2).
   It protects you from fire.
 T - a ring of ice (on tentacle)
Wands
 q - a wand of lightning (0/15)
 x - a wand of iceblast (0/15)
 D - a wand of paralysis (7/24)
 G - a wand of confusion (25/48)
 I - a wand of confusion (26/48)
 K - a wand of scattershot (2/9)
 M - a wand of enslavement (0/24)
 O - a wand of acid (6/15)
 Q - a wand of digging (8/24)
 S - a wand of digging (9/24)
 V - a wand of polymorph (8/24)
 X - a wand of digging (4/24)
Scrolls
 b - 6 scrolls of teleportation
 r - 10 scrolls of remove curse
 C - 3 scrolls of immolation
 F - a scroll of amnesia
 H - 5 scrolls of identify
 N - a scroll of fog
 P - a scroll of blinking
Potions
 g - 7 potions of lignification
 i - a potion of invisibility
 o - a potion of cancellation
 p - a potion of might
 t - a potion of flight
 u - 2 potions of berserk rage
 w - 3 potions of curing
 z - 2 potions of ambrosia
 A - 3 potions of brilliance
 B - a potion of magic
 W - 2 potions of heal wounds
Comestibles
 f - 9 bread rations
 h - 9 meat rations
 Y - 2 royal jellies


   Skills:
 * Level 7.6 Fighting
 - Level 5.4(5.5) Short Blades
 - Level 1.0(3.5) Long Blades
   Level 2.0 Polearms
 * Level 9.8 Dodging
 * Level 14.3 Stealth
 * Level 9.3 Shields
 * Level 10.5 Evocations


You had 11 spell levels left.
You didn't know any spells.

Dungeon Overview and Level Annotations

Branches:
Dungeon (12/15)            Temple (1/1) D:7            Lair (0/6) D:11
    Orc (0/2) D:10

Altars:
Cheibriados
Dithmenos
Fedhas
Gozag
Hepliaklqana
Kikubaaqudgha
Makhleb
Nemelex Xobeh
Qazlal
Ru
Sif Muna
Trog
Uskayaw
Vehumet
Xom
Zin
Lugonu

Shops:
D:5 (   D:6 (   D:8 (   D:10 =

Annotations:
D:12 ShlomoShekels's ghost, journeyman GrGl


Innate Abilities, Weirdness & Mutations

You cannot wear most types of armour.
You are very stealthy in the water. (Stealth+)
You are amphibious.
You can wear up to eight rings at the same time.
You can use your tentacles to constrict eight enemies at once.
Your skin changes colour to match your surroundings (Stealth+).
Your rubbery body absorbs attacks. (AC +1, EV +1)


Message History

The crocodile is lightly wounded.
The unseen horror misses you. The crocodile closely misses you.
You block the unseen horror's attack.
You hit the crocodile.
The crocodile looks as sick as possible!
You squeeze the crocodile!
The crocodile is heavily wounded.
You kill the unseen horror!
The crocodile bites you!
You hit the crocodile. Your squeeze misses the crocodile.
The crocodile is severely wounded.
The crocodile bites you!
You hit the crocodile.
The crocodile looks as sick as possible!
You squeeze the crocodile.
You kill the crocodile!
ShlomoShekels's ghost hits you!!!
Ouch! That really hurt!
You die...
Your body crumbles into a pile of gold.

########. #.### #.#
##)### ## #)))..
..########### #.....
###.##........# #.....
..#.##........# #.....
#.#.##$.......######.....
#.#....W@$....+..........
#
#.#..#...$....#######.###
#..###.#.#..#........#
#.....#
##......#.#..#(.......#
#.#.#.#
.........$...#.......$#
#.#.#.#
...#####.#.##........#
#.#.#.#
#..#..$..#.###########
#.#.#.# #..#.$$.$..#
#.#.#.# #.#.###.### #####
#.#.#.#


You could see ShlomoShekels's ghost.

Vanquished Creatures
  A hydra (D:11)
  Erica (D:9)
  A death knight (D:10)
  4 two-headed ogres
  3 death yaks (D:11)
  An unseen horror (D:12)
  An orc knight (Bailey)
  2 ugly things (D:11)
  2 trolls (D:10)
  Prince Ribbit (D:6)
  3 hippogriffs
  A hornet (D:10)
  13 yaks
  A wyvern (D:12)
  2 hungry ghosts
  An acid dragon (D:11)
  A necrophage (D:11)
  2 ice beasts
  20 orc warriors
  A black bear (D:7)
  An eye of draining (D:11)
  A hornet zombie (D:10)
  A phantom (D:12)
  5 sky beasts
  5 ogres
  5 centaurs
  2 crocodiles
  4 big kobolds
  6 bullfrogs
  A wyvern zombie (D:6)
  4 scorpions
  32 killer bees (D:10)
  4 wights (D:10)
  8 howler monkeys
  2 lava snakes (D:7)
  6 crimson imps
  2 bullfrog zombies
  A quasit (D:10)
  8 orc priests
  2 centaur zombies
  5 hounds
  4 centaur skeletons
  4 bullfrog skeletons
  5 jellies
  23 orc wizards
  Ijyb (D:5)
  6 iguanas
  22 worker ants
  2 hound skeletons
  2 worker ant zombies
  Robin (D:3)
  18 adders
  A gnoll (D:10)
  A shadow imp (D:12)
  An adder zombie (D:5)
  A worm (D:3)
  3 dart slugs
  7 leopard geckos
  47 orcs
  6 bats
  7 giant cockroaches
  17 goblins
  12 hobgoblins
  9 jackals
  13 kobolds
  4 quokkas
  3 frilled lizards
  A quokka skeleton (D:9)
  10 rats
398 creatures vanquished.

Vanquished Creatures (collateral kills)
  2 ogres (D:10)
  A big kobold (D:10)
  A gnoll sergeant (D:10)
  3 killer bees (D:10)
  3 gnolls (D:10)
  5 orcs (D:10)
15 creatures vanquished.

Vanquished Creatures (others)
  2 orc warriors (D:10)
  A queen bee (D:10)
  A hippogriff (D:10)
  A wyvern (D:11)
  A gnoll sergeant (D:10)
  3 killer bees (D:10)
  An orc wizard (D:11)
  2 orcs
  A fungus (D:6)
13 creatures vanquished.

Grand Total: 426 creatures vanquished

Notes
Turn   | Place    | Note
-------+----------+-------------------------------------------
     0 | D:1      | Chiseanne the Octopode Wanderer began the quest for the Orb.
     0 | D:1      | Chiseanne set off with: a wand of confusion (15/48), a scroll of teleportation, a potion of curing, a +0 club, a +0 dagger, a bread ration
     0 | D:1      | Reached XP level 1. HP: 16/16 MP: 1/1
   413 | D:1      | Reached XP level 2. HP: 21/21 MP: 2/2
   533 | D:1      | Reached skill level 1 in Dodging
  1050 | D:2      | Reached XP level 3. HP: 19/26 MP: 4/4
  1353 | D:2      | Found an ancient bone altar of Kikubaaqudgha.
  1449 | D:2      | Reached XP level 4. HP: 22/32 MP: 5/5
  2065 | D:3      | Noticed Robin
  2076 | D:3      | Reached skill level 5 in Stealth
  2086 | D:3      | Killed Robin
  2471 | D:3      | Reached XP level 5. HP: 32/37 MP: 6/6
  2895 | D:3      | Found a glowing silver altar of Zin.
  3139 | D:3      | Reached skill level 1 in Shields
  3151 | D:3      | Reached skill level 6 in Stealth
  3151 | D:3      | Reached XP level 6. HP: 27/43 MP: 8/8
  3649 | D:4      | Found a shadowy altar of Dithmenos.
  3791 | D:4      | Reached XP level 7. HP: 42/47 MP: 9/9
  3986 | D:4      | Found a hazy altar of Hepliaklqana.
  4109 | D:4      | Reached skill level 7 in Stealth
  4306 | D:4      | Found a shimmering altar of Xom.
  4307 | D:4      | Found a burning altar of Makhleb.
  4648 | D:4      | Found a sparkling altar of Nemelex Xobeh.
  4718 | D:5      | Entered Level 5 of the Dungeon
  4725 | D:5      | Found Zyvyll's Antique Weapon Emporium.
  4883 | D:5      | Noticed Ijyb
  4892 | D:5      | Killed Ijyb
  5133 | D:5      | Reached XP level 8. HP: 54/54 MP: 11/11
  5303 | D:5      | Reached skill level 8 in Stealth
  5313 | D:5      | Reached skill level 5 in Evocations
  5535 | D:5      | Found a hide-covered altar of Uskayaw.
  6060 | D:6      | Reached skill level 1 in Short Blades
  6072 | D:6      | Reached skill level 5 in Dodging
  6148 | D:6      | Reached skill level 9 in Stealth
  6225 | D:6      | Reached XP level 9. HP: 32/58 MP: 13/13
  6773 | D:6      | Found Lyw Noa's Weapon Boutique.
  6957 | D:6      | Found a radiant altar of Vehumet.
  7296 | D:6      | Reached skill level 5 in Shields
  7583 | D:6      | Noticed Prince Ribbit
  7591 | D:6      | Killed Prince Ribbit
  7738 | D:6      | Reached skill level 10 in Stealth
  7935 | D:6      | Found a blossoming altar of Fedhas.
  7940 | D:6      | Found a stormy altar of Qazlal.
  8003 | D:7      | Found a snail-covered altar of Cheibriados.
  8444 | D:7      | Reached XP level 10. HP: 63/63 MP: 15/15
  8585 | D:7      | Found a staircase to the Ecumenical Temple.
  8600 | Temple   | Entered the Ecumenical Temple
  8613 | Temple   | Became a worshipper of Gozag Ym Sagoz the Greedy
  8707 | D:7      | Found a burning altar of Makhleb.
  9280 | D:8      | Found a deep blue altar of Sif Muna.
  9362 | D:8      | Noticed a two-headed ogre
  9364 | D:8      | Found a flagged portal.
  9385 | D:8      | Killed a two-headed ogre
  9385 | D:8      | Reached skill level 11 in Stealth
  9481 | Bailey   | Entered a bailey
  9481 | Bailey   | Noticed an orc knight
  9620 | Bailey   | Killed an orc knight
  9625 | Bailey   | Reached skill level 5 in Short Blades
 10164 | D:9      | Noticed a two-headed ogre
 10171 | D:9      | Killed a two-headed ogre
 10171 | D:9      | Reached XP level 11. HP: 69/69 MP: 17/17
 10281 | D:9      | Noticed Erica
 10289 | D:9      | Killed Erica
 10289 | D:9      | Reached skill level 12 in Stealth
 10919 | D:8      | Bought a +3 flail of protection for 360 gold pieces
 10962 | D:10     | Entered Level 10 of the Dungeon
 11177 | D:10     | Reached skill level 5 in Fighting
 11499 | D:10     | Noticed a death knight
 11512 | D:10     | Killed a death knight
 12928 | D:10     | Noticed a two-headed ogre
 12932 | D:10     | Killed a two-headed ogre
 12932 | D:10     | Reached skill level 13 in Stealth
 12932 | D:10     | Reached XP level 12. HP: 78/78 MP: 19/19
 12960 | D:10     | Found a staircase to the Orcish Mines.
 13166 | D:10     | Noticed a two-headed ogre
 13178 | D:10     | Killed a two-headed ogre
 13252 | D:11     | Noticed an eight-headed hydra
 13603 | D:11     | Killed an eight-headed hydra
 13722 | D:11     | Reached skill level 10 in Evocations
 13765 | D:11     | Noticed a death yak
 13766 | D:11     | Noticed a death yak
 14247 | D:11     | Killed a death yak
 14550 | D:10     | Bought the ring of Noet {rF+ AC+1 Dex+2} for 360 gold pieces
 14635 | D:11     | Noticed a death yak
 15702 | D:11     | Reached skill level 14 in Stealth
 16004 | D:10     | Bought an uncursed ring of see invisible for 255 gold pieces
 16214 | D:11     | Killed a death yak
 16221 | D:11     | Killed a death yak
 16247 | D:11     | Found a staircase to the Lair.
 16743 | D:12     | Noticed ShlomoShekels's ghost (journeyman GrGl)
 17098 | D:12     | Slain by ShlomoShekels's ghost

Vault maps used:
D:1:      dpeg_cavernosity
D:2:      kiku_gazebo_garden_becter
D:3:      marbit_many_paths, kennysheep_cross_bottleneck, uniq_robin
D:4:      grunt_temple_overflow_champion_of_chaos,
          nicolae_dithmenos_through_a_glass_darkly, lemuel_round_altar,
          nemelex_xobeh_ov_fountains_minmay, first_bread, minmay_statues_item,
          minmay_misc_feat_alley, fountainhead, hangedman_decor_diamond_cutter
D:5:      nicolae_overflow_crystal_walls, serial_shops,
          nicolae_shop_window_shopping, uniq_ijyb
D:6:      grunt_temple_overflow_forces_of_nature, overflow_temple_1_default,
          serial_shops, nicolae_shop_behind_doors, hangedman_decor_riveting,
          uniq_prince_ribbit1
D:7:      lemuel_crystal_altar, minmay_temple_entry_mist, basic_altar,
          kennysheep_generic_room_9
D:8:      kennysheep_little_box, enter_bailey_2
D:9:      kennysheep_generic_room_3, uniq_erica
D:10:     kennysheep_orc_monster_closet_entryway, david_nohive_1,
          minivault_25_ag, kennysheep_generic_room_15
D:11:     minmay_thick_lines, dpeg_lair_monsters
Temple:   kb_corrupted_temple
Bailey:   bailey_polearm_4, bailey

Skill      XL: |  1  2  3  4  5  6  7  8  9 10 11 12 |
---------------+-------------------------------------+-----
Dodging        | 1 2 3 4 5 6 7 8 9 |  9.8
Evocations     | 2 3 4 5 7 8 9 10 | 10.5
Stealth        | 5 6 7 9 10 11 13 14 | 14.3
Shields        | 1 2 3 4 5 7 8 9 |  9.3
Short Blades   | 1 4 5 |  5.4
Fighting       | 4 5 7 |  7.6
Long Blades    | |  1.0
Polearms       | |  2.0

Action                   |  1- 3 |  4- 6 |  7- 9 | 10-12 || total
-------------------------+-------+-------+-------+-------++-------
Melee: Club              |    13 |       |       |       ||    13
       Constrict         |    21 |    34 |    58 |    84 ||   197
       Tentacles         |     9 |    25 |    47 |   140 ||   221
       Hand axe          |    40 |    49 |       |       ||    89
       Dagger            |       |    96 |   242 |   585 ||   923
       Flail             |       |       |       |    34 ||    34
       Trident           |       |       |       |     3 ||     3
Throw: Stone             |       |       |       |     7 ||     7
Invok: Call Merchant     |       |       |       |     2 ||     2
Evoke: Wand              |     2 |       |    18 |    63 ||    83
  Use: Scroll            |     4 |    10 |     6 |    10 ||    30
       Potion            |       |     2 |       |     9 ||    11
 Stab: Sleeping          |     7 |    15 |    24 |    44 ||    90
       Distracted        |     1 |       |     3 |    12 ||    16
       Confused          |       |       |     9 |     3 ||    12
       Paralysed         |       |       |       |     3 ||     3
       Invisible         |       |       |       |     5 ||     5
  Eat: Chunk             |     2 |     7 |    13 |     1 ||    23
       Royal jelly       |       |       |     1 |     9 ||    10
       Bread ration      |       |       |       |     3 ||     3
       Fruit             |       |       |       |     4 ||     4
Armor: Skin              |     3 |    23 |    20 |    14 ||    60
Dodge: Dodged            |    30 |    69 |    64 |   261 ||   424
Block: Shield            |       |    28 |    86 |   281 ||   395

Table legend:
 A = Spawn XP
 B = Non-spawn XP
 C = Spawn XP percentage of total XP
 D = Spawn monster count
 E = Non-spawn monster count
 F = Spawn count percentage of total count
 G = Total turns spent on level
                    A         B        C        D         E        F      G
               +---------+---------+-------+---------+---------+-------+---------
         Total |    4140 |   27338 |  13.2 |      67 |     349 |  16.1 | 17098
               +---------+---------+-------+---------+---------+-------+---------
           D:1 |      11 |      21 |  34.4 |       6 |       9 |  40.0 |  1033
           D:2 |       7 |      70 |   9.1 |       5 |      22 |  18.5 |   959
           D:3 |       8 |     236 |   3.3 |       4 |      36 |  10.0 |  1405
           D:4 |      63 |     625 |   9.2 |       4 |      21 |  16.0 |  1321
           D:5 |     329 |     642 |  33.9 |       8 |      19 |  29.6 |  1182
           D:6 |     458 |    1465 |  23.8 |       8 |      30 |  21.1 |  2101
           D:7 |     246 |    1144 |  17.7 |       4 |      24 |  14.3 |  1093
           D:8 |    1167 |     150 |  88.6 |       4 |       9 |  30.8 |   619
           D:9 |      37 |    3081 |   1.2 |       2 |      21 |   8.7 |   848
          D:10 |     879 |    8690 |   9.2 |      10 |      86 |  10.4 |  2938
          D:11 |     658 |    6080 |   9.8 |       6 |      24 |  20.0 |  1939
          D:12 |     277 |    3062 |   8.3 |       6 |      32 |  15.8 |  1259
        Bailey |       0 |    2072 |   0.0 |       0 |      16 |   0.0 |   374
               +---------+---------+-------+---------+---------+-------+---------
